 Dungeon Crawl Stone Soup version 0.29-a0-356-g7bc237e783 (webtiles) character file.

Game seed: 9561544134982430224

1254 spaghetti the Cleaver (level 8, 0/58 HPs)
             Began as a Gnoll Wanderer on Apr 26, 2022.
             Killed by an exploding orc warrior (17 damage)
             ... ignited by their inner flame
             ... on level 6 of the Dungeon.
             The game lasted 00:09:52 (6005 turns).

spaghetti the Cleaver (Gnoll Wanderer)              Turns: 6005, Time: 00:09:52

Health: 0/58       AC: 15    Str: 19    XL:     8   Next: 51%
Magic:  14/14      EV:  6    Int: 13    God:
Gold:   281        SH:  0    Dex: 11    Spells: 14/15 levels left

rFire   . . .      SeeInvis .   a - +0 war axe {axe}
rCold   . . .      Faith    .   (no shield)
rNeg    . . .      Spirit   .   r - +1 plate armour
rPois   .          Reflect  .   (no helmet)
rElec   .          Harm     .   (no cloak)
rCorr   .          Rampage  .   (no gloves)
Will    .....      Clarity  +   i - +1 pair of boots
Stlth   ..........              s - amulet of regeneration {@e2}
HPRegen 0.99/turn               l - +6 ring of strength
MPRegen 0.14/turn               (no ring)

@: no status effects
A: fangs 1, strong nose, distributed training, clarity
a: no special abilities


You were on level 6 of the Dungeon.
You visited 1 branch of the dungeon, and saw 6 of its levels.

You collected 281 gold pieces.


Innate Abilities, Weirdness & Mutations

You have very sharp teeth.
Your uncanny sense of smell can sniff out nearby items.
Your experience applies equally to all skills.
You possess an exceptional clarity of mind.


   Skills:
 + Level 3.3 Fighting
 + Level 3.3 Short Blades
 + Level 3.3 Long Blades
 + Level 11.0 Axes
 + Level 3.3 Maces & Flails
 + Level 3.3 Polearms
 + Level 3.3 Staves
 + Level 3.3 Slings
 + Level 3.3 Bows
 + Level 3.3 Crossbows
 + Level 4.2 Throwing
 + Level 4.2 Armour
 + Level 3.3 Dodging
 + Level 3.3 Stealth
 + Level 3.3 Shields
 + Level 3.3 Unarmed Combat
 + Level 4.4 Spellcasting
 + Level 2.7 Conjurations
 + Level 2.7 Hexes
 + Level 2.7 Summonings
 + Level 2.7 Necromancy
 + Level 2.7 Translocations
 + Level 3.5 Transmutations
 + Level 2.7 Fire Magic
 + Level 2.7 Ice Magic
 + Level 2.7 Air Magic
 + Level 2.7 Earth Magic
 + Level 2.7 Poison Magic
 + Level 3.6 Invocations
 + Level 4.2 Evocations


You had 14 spell levels left.
You knew the following spells:

 Your Spells              Type           Power      Damage    Failure   Level
a - Beastly Appendage     Tmut           24%        N/A       83%         1

Your spell library contained the following spells:

 Spells                   Type           Power      Damage    Failure   Level
 Sting                    Tmut/Pois      44%        1d5       87%         1
 Poisonous Vapours        Pois/Air       18%        N/A       97%         2
 Ignite Poison            Fire/Tmut/Pois 10%        N/A       99%         3
 Olgreb's Toxic Radiance  Pois           9%         N/A       100%        4

Inventory:

Hand Weapons
 a - a +0 war axe (weapon) {axe}
 c - a +0 dagger {short}
 f - a +2 whip of flaming {mace}
   (You took it off a gnoll on level 5 of the Dungeon)
Missiles
 b - 10 poisoned darts {throwing}
 k - 228 stones (quivered) {throwing}
Armour
 e - a +0 leather armour
 i - a +1 pair of boots (worn)
   (You found it on level 3 of the Dungeon)
 r - a +1 plate armour (worn)
   (You found it on level 2 of the Dungeon)
Magical Staves
 m - a staff of earth {!astaff}
   (You found it on level 4 of the Dungeon)
Jewellery
 l - a +6 ring of strength (left hand)
   (You found it on level 1 of the Dungeon)
 s - an amulet of regeneration (around neck) {@e2}
   (You found it on level 5 of the Dungeon)
Scrolls
 d - 4 scrolls of teleportation {@r4}
 o - a scroll of noise {!r}
 q - a scroll of identify {@r1}
 u - 2 scrolls of vulnerability {!r!r}
 v - 2 scrolls of magic mapping {!r}
Potions
 h - a potion of resistance
 n - a potion of mutation {!q}

Dungeon Overview and Level Annotations

Branches:
Dungeon (6/15)
 Temple: D:4-7

Altars:
Kikubaaqudgha

# #. . #.. .#
#..##### ###).#
#.....##......
.........o...
#..##..§oo....<
#...<@§§.....
#.......§§§###..
........####
....##### .## ∆


You could see an orc priest (inner flame), an orc wizard (inner flame) and an
orc (inner flame).


Message History

The scorpion barely misses you. 😮 HP[-7]
You take 7 damage, and now have 35/58 hp.
Aiming: Corrosive Bolt
Press: ? - help, Shift-Dir - straight line, f - orc warrior
Aim: an orc warrior, wielding a +2 vorpal flail and wearing a +0 plate armour (74% to hit)
The bolt of acid hits the scorpion!
The acid corrodes the scorpion!
The bolt of acid hits the orc warrior!
The acid corrodes the orc warrior!
The orc warrior closely misses you.
The scorpion stings you but does no damage. 😮 HP[+1]
Aiming: Corrosive Bolt
Press: ? - help, Shift-Dir - straight line, f - orc warrior, p - orc warrior
Aim: an orc warrior, wielding a +0 glaive and wearing a +0 plate armour (moderately wounded, 74% to hit)
The bolt of acid hits the orc warrior!
The acid corrodes the orc warrior!
The scorpion stings you but does no damage.
The orc warrior hits you but does no damage. 😮 HP[+1]
You hit the orc warrior. You bite the orc warrior. You hit the scorpion.
The scorpion completely misses you.
The orc warrior hits you with a +0 glaive.
The scorpion stings you but does no damage.
You barely miss the orc warrior. You hit the scorpion but do no damage.
The orc warrior hits you but does no damage.
The orc priest looks braver for a moment.
The scorpion stings you but does no damage. 😮 HP[+1]
You barely miss the orc warrior. You slash the scorpion!
You kill the scorpion!
The orc priest calls upon Beogh to heal the orc warrior.
The orc warrior is healed somewhat.
An orc comes into view. It is wielding a +0 hand axe.
The orc warrior hits you with a +0 glaive!
The orc shouts! 😮 HP[-8]
You take 8 damage, and now have 30/58 hp.
You closely miss the orc warrior.
You hit the orc warrior but do no damage.
You hear a shout!
The orc priest calls down the wrath of Beogh upon you.
Beogh smites you!
* * * LOW HITPOINT WARNING * * *
An orc comes into view. It is wielding a +0 club.
An orc wizard comes into view. It is wielding a +0 dagger.
The orc warrior hits you but does no damage.
The orc warrior hits you with a +0 glaive!
* * * LOW HITPOINT WARNING * * *
😱 HP[-17]
You take 17 damage, and now have 13/58 hp.
MASSIVE DAMAGE!! (PAUSE)
Aiming: Corrosive Bolt
Press: ? - help, Shift-Dir - straight line, f - orc, p - orc warrior
Aim: an orc, wielding a +0 hand axe and wearing a +0 leather armour (74% to hit)
The bolt of acid hits the orc warrior!!
The orc warrior seems to be corroded for longer.
You kill the orc warrior!
The bolt of acid misses the orc priest.
The bolt of acid hits the orc!!
You kill the orc!
The now-empty wand crumbles to dust.
The orc priest casts a cantrip, but nothing happens.
The orc wizard casts a spell at you. The magic dart hits you!
* * * LOW HITPOINT WARNING * * *
The orc warrior closely misses you.
Your Axes skill increases to level 11! 😱 HP[-8]
You take 8 damage, and now have 5/58 hp.
You feel better.
The orc warrior hits you with a +0 glaive.
* * * LOW HITPOINT WARNING * * *
The orc priest calls down the wrath of Beogh upon you.
You struggle to resist. 😱 HP[+7]
You regained 7 hp, and now have 12/58 hp.
You feel better.
The orc warrior barely misses you. 😨 HP[+11]
You regained 11 hp, and now have 23/58 hp.
You feel better.
The orc warrior hits you with a +0 glaive.
The orc priest looks braver for a moment. 😮 HP[+7]
You regained 7 hp, and now have 30/58 hp.
You aren't carrying any items that you can evoke.
Unknown command.
Okay, then.
Really read
g - a scroll of immolation {!r!r}?
Okay, then.
Really read
g - a scroll of immolation {!r!r}?
Really read the scroll of immolation?
As you read the scroll of immolation {!r!r}, it crumbles to dust.
The creatures around you are filled with an inner flame!
The orc warrior hits you with a +0 glaive!
* * * LOW HITPOINT WARNING * * *
😨 HP[-13]
You take 13 damage, and now have 17/58 hp.
MASSIVE DAMAGE!! (PAUSE)
You slash the orc warrior! You closely miss the orc priest.
The orc warrior explodes!
The fiery explosion engulfs you!
You die...

Skill      XL: |  1  2  3  4  5  6  7  8 |
---------------+-------------------------+-----
Axes           | 11 | 11.0
Transmutations | 2 3 |  3.5
Invocations    | 1 2 3 |  3.6
Fighting       | 1 2 3 |  3.3
Short Blades   | 1 2 3 |  3.3
Long Blades    | 1 2 3 |  3.3
Maces & Flails | 1 2 3 |  3.3
Polearms       | 1 2 3 |  3.3
Staves         | 1 2 3 |  3.3
Slings         | 1 2 3 |  3.3
Bows           | 1 2 3 |  3.3
Crossbows      | 1 2 3 |  3.3
Dodging        | 1 2 3 |  3.3
Stealth        | 1 2 3 |  3.3
Shields        | 1 2 3 |  3.3
Unarmed Combat | 1 2 3 |  3.3
Spellcasting   | 3 4 |  4.4
Conjurations   | 1 2 |  2.7
Hexes          | 1 2 |  2.7
Summonings     | 1 2 |  2.7
Necromancy     | 1 2 |  2.7
Translocations | 1 2 |  2.7
Fire Magic     | 1 2 |  2.7
Ice Magic      | 1 2 |  2.7
Air Magic      | 1 2 |  2.7
Earth Magic    | 1 2 |  2.7
Poison Magic   | 1 2 |  2.7
Throwing       | 3 4 |  4.2
Armour         | 3 4 |  4.2
Evocations     | 3 4 |  4.2

Action                   |  1- 3 |  4- 6 |  7- 9 || total
-------------------------+-------+-------+-------++-------
Melee: War axe           |   105 |   191 |   105 ||   401
       Bite              |     6 |    13 |    12 ||    31
       Punch             |       |     2 |     2 ||     4
Throw: Stone             |       |    14 |     8 ||    22
       Dart              |       |       |     7 ||     7
Evoke: Wand              |       |     4 |     5 ||     9
  Use: Scroll            |       |     8 |     4 ||    12
       Potion            |       |    11 |     4 ||    15
 Stab: Sleeping          |     1 |       |       ||     1
Armor: Leather armour    |    20 |       |       ||    20
       Plate armour      |    15 |   130 |    75 ||   220
Dodge: Dodged            |    48 |    55 |    47 ||   150

Levels and vault maps discovered:
D:1:      ldierk_water_garden, layout_loops_cross, ebering_ecumenical_altar_rust
D:2:      layout_basic, minmay_quantized
D:3:      layout_basic, minmay_joined_circles
D:4:      layout_loops_cross, serial_park_tiny_2
D:5:      layout_gridville, kiku_gazebo_pond_becter
D:6:      layout_cave_pods, minmay_temple_entry_proselytizer

Notes
Turn   | Place    | Note
-------+----------+-------------------------------------------
     0 | D:1      | Reached skill level 10 in Axes
     0 | D:1      | spaghetti the Gnoll Wanderer began the quest for the Orb.
     0 | D:1      | spaghetti set off with the following items: a +0 war axe
                  | {axe}, 10 poisoned darts {throwing}, a +0 dagger {short}, a
                  | scroll of teleportation {@r4}, a +0 leather armour; and the
                  | following spell memorised: Beastly Appendage; and the
                  | following spells available to memorise: Ignite Poison
     0 | D:1      | Reached XP level 1. HP: 13/13 MP: 4/4
     0 | D:1      | magus.rc [v1.9.6]
   100 | D:1      | Reached skill level 2 in Transmutations
   107 | D:1      | Reached XP level 2. HP: 17/19 MP: 5/5
   466 | D:1      | Found a faded altar of an unknown god.
   682 | D:1      | Reached XP level 3. HP: 22/25 MP: 7/7
  1205 | D:1      | Reached skill level 1 in Invocations
  1545 | D:2      | Reached skill level 1 in Fighting
  1545 | D:2      | Reached skill level 1 in Short Blades
  1545 | D:2      | Reached skill level 1 in Long Blades
  1545 | D:2      | Reached skill level 1 in Maces & Flails
  1545 | D:2      | Reached skill level 1 in Polearms
  1545 | D:2      | Reached skill level 1 in Staves
  1545 | D:2      | Reached skill level 1 in Slings
  1545 | D:2      | Reached skill level 1 in Bows
  1545 | D:2      | Reached skill level 1 in Crossbows
  1545 | D:2      | Reached skill level 1 in Dodging
  1545 | D:2      | Reached skill level 1 in Stealth
  1545 | D:2      | Reached skill level 1 in Shields
  1545 | D:2      | Reached skill level 1 in Unarmed Combat
  1570 | D:2      | Reached XP level 4. HP: 31/32 MP: 8/8
  1864 | D:2      | You add the spells Sting, Poisonous Vapours and Olgreb's
                  | Toxic Radiance to your library.
  2465 | D:3      | Reached skill level 3 in Spellcasting
  2832 | D:3      | Reached skill level 1 in Conjurations
  2832 | D:3      | Reached skill level 1 in Hexes
  2832 | D:3      | Reached skill level 1 in Summonings
  2832 | D:3      | Reached skill level 1 in Necromancy
  2832 | D:3      | Reached skill level 1 in Translocations
  2832 | D:3      | Reached skill level 1 in Fire Magic
  2832 | D:3      | Reached skill level 1 in Ice Magic
  2832 | D:3      | Reached skill level 1 in Air Magic
  2832 | D:3      | Reached skill level 1 in Earth Magic
  2832 | D:3      | Reached skill level 1 in Poison Magic
  3209 | D:3      | Reached XP level 5. HP: 37/37 MP: 9/9
  3230 | D:3      | Reached skill level 3 in Throwing
  3230 | D:3      | Reached skill level 3 in Armour
  3230 | D:3      | Reached skill level 3 in Evocations
  3245 | D:3      | HP: 9/37 [goblin/sling bullet (2)]
  3252 | D:3      | HP: 6/37 [goblin/sling bullet (4)]
  3254 | D:3      | HP: 2/37 [goblin/+0 club (4)]
  3877 | D:4      | Gained mutation: You possess an exceptional clarity of
                  | mind. [potion of mutation]
  4127 | D:4      | Noticed a black bear
  4136 | D:4      | Killed a black bear
  4137 | D:4      | Reached skill level 2 in Invocations
  4137 | D:4      | Reached XP level 6. HP: 29/44 MP: 9/11
  4498 | D:5      | Entered Level 5 of the Dungeon
  4504 | D:5      | Noticed a shadow
  4521 | D:5      | Killed a shadow
  4522 | D:5      | Reached skill level 2 in Fighting
  4522 | D:5      | Reached skill level 2 in Short Blades
  4522 | D:5      | Reached skill level 2 in Long Blades
  4522 | D:5      | Reached skill level 2 in Maces & Flails
  4522 | D:5      | Reached skill level 2 in Polearms
  4522 | D:5      | Reached skill level 2 in Staves
  4522 | D:5      | Reached skill level 2 in Slings
  4522 | D:5      | Reached skill level 2 in Bows
  4522 | D:5      | Reached skill level 2 in Crossbows
  4522 | D:5      | Reached skill level 2 in Dodging
  4522 | D:5      | Reached skill level 2 in Stealth
  4522 | D:5      | Reached skill level 2 in Shields
  4522 | D:5      | Reached skill level 2 in Unarmed Combat
  4522 | D:5      | Reached XP level 7. HP: 42/50 MP: 12/12
  4829 | D:5      | Reached skill level 2 in Conjurations
  4829 | D:5      | Reached skill level 2 in Hexes
  4829 | D:5      | Reached skill level 2 in Summonings
  4829 | D:5      | Reached skill level 2 in Necromancy
  4829 | D:5      | Reached skill level 2 in Translocations
  4829 | D:5      | Reached skill level 3 in Transmutations
  4829 | D:5      | Reached skill level 2 in Fire Magic
  4829 | D:5      | Reached skill level 2 in Ice Magic
  4829 | D:5      | Reached skill level 2 in Air Magic
  4829 | D:5      | Reached skill level 2 in Earth Magic
  4829 | D:5      | Reached skill level 2 in Poison Magic
  4997 | D:5      | Reached skill level 4 in Spellcasting
  4997 | D:5      | Reached skill level 3 in Invocations
  5103 | D:5      | Reached XP level 8. HP: 51/57 MP: 14/14
  5392 | D:5      | Reached skill level 4 in Throwing
  5392 | D:5      | Reached skill level 4 in Armour
  5392 | D:5      | Reached skill level 4 in Evocations
  5441 | D:5      | Reached skill level 3 in Fighting
  5441 | D:5      | Reached skill level 3 in Short Blades
  5441 | D:5      | Reached skill level 3 in Long Blades
  5441 | D:5      | Reached skill level 3 in Maces & Flails
  5441 | D:5      | Reached skill level 3 in Polearms
  5441 | D:5      | Reached skill level 3 in Staves
  5441 | D:5      | Reached skill level 3 in Slings
  5441 | D:5      | Reached skill level 3 in Bows
  5441 | D:5      | Reached skill level 3 in Crossbows
  5441 | D:5      | Reached skill level 3 in Dodging
  5441 | D:5      | Reached skill level 3 in Stealth
  5441 | D:5      | Reached skill level 3 in Shields
  5441 | D:5      | Reached skill level 3 in Unarmed Combat
  5442 | D:5      | HP: 3/58 [gnoll/+0 halberd (13)]
  5789 | D:5      | Found an ancient bone altar of Kikubaaqudgha.
  5944 | D:5      | HP: 14/58 [gnoll sergeant/+1 trident of protection (9)]
  5999 | D:6      | HP: 13/58 [orc warrior/+0 glaive (7)]
  6000 | D:6      | HP: 5/58 [orc wizard/magic dart (9)]
  6001 | D:6      | Reached skill level 11 in Axes
  6005 | D:6      | Killed by an exploding orc warrior... ignited by their
                  | inner flame

Vanquished Creatures
  A shadow (D:5)
  2 orc warriors (D:6)
  An ice beast (D:5)
  A black bear (D:4)
  A gnoll sergeant (D:5)
  A necrophage (D:5)
  3 scorpions
  An orc priest (D:5)
  2 hounds (D:5)
  2 jellies
  2 orc wizards (D:6)
  An iguana (D:5)
  4 adders
  12 gnolls
  A shadow imp (D:5)
  2 worms
  3 dart slugs
  20 orcs
  8 bats
  8 endoplasms
  A giant cockroach (D:3)
  11 goblins
  6 hobgoblins
  6 jackals
  7 kobolds
  4 quokkas
  7 ball pythons
  5 frilled lizards
  6 rats
  A toadstool (D:1)
130 creatures vanquished.

Vanquished Creatures (others)
  3 toadstools (D:1)
3 creatures vanquished.

Grand Total: 133 creatures vanquished

Table legend:
 A = Non-vault XP
 B = Vault XP
 C = Vault XP percentage of total XP
 D = Non-vault monster count
 E = Vault monster count
 F = Vault count percentage of total count
                 A         B        C        D         E       F
            +---------+---------+-------+---------+---------+-------
      Total |    1885 |      40 |   2.1 |     111 |      18 |  14.0
            +---------+---------+-------+---------+---------+-------
        D:1 |      55 |       0 |   0.0 |      31 |       0 |   0.0
        D:2 |      29 |       4 |  12.1 |      10 |       2 |  16.7
        D:3 |     115 |      36 |  23.8 |      22 |      16 |  42.1
        D:4 |     188 |       0 |   0.0 |      15 |       0 |   0.0
        D:5 |    1060 |       0 |   0.0 |      27 |       0 |   0.0
        D:6 |     438 |       0 |   0.0 |       6 |       0 |   0.0
            +---------+---------+-------+---------+---------+-------

Illustrated notes

Table legend:
 A = Kills in this place as a percentage of kills in entire the game.
 B = Kills by you in this place as a percentage of kills by you in the entire game.
 C = Kills by friends in this place as a percentage of kills by friends in the entire game.
 D = Other kills in this place as a percentage of other kills in the entire game.
 E = Experience gained in this place as a percentage of experience gained in the entire game.
 F = Experience gained in this place divided by the number of levels of this place that you have seen.
                   A       B       C       D       E      F
               +-------+-------+-------+-------+-------+----------------------
         Total | 100.0 | 100.0 |   N/A |   N/A | 100.0 | 320.8
       Dungeon | 100.0 | 100.0 |   N/A |   N/A | 100.0 | 320.8
               +-------+-------+-------+-------+-------+----------------------

Table legend: (Time is in decaauts)
 A = Elapsed time spent in this place.
 B = Non-inter-level travel time spent in this place.
 C = Inter-level travel time spent in this place.
 D = Time resting spent in this place.
 E = Time spent auto-exploring this place.
 F = Levels seen in this place.
 G = Mean time per level.
                   A        B        C        D        E       F      G
               +--------+--------+--------+--------+--------+-----+--------+
         Total |   5973 |   5869 |    104 |    374 |   4631 |   6 |  995.5 |
       Dungeon |   5973 |   5869 |    104 |    374 |   4631 |   6 |  995.5 |
               +--------+--------+--------+--------+--------+-----+--------+

Top non-repeatable levels by time:
     D:5: 1458 daAuts
     D:3: 1362 daAuts
     D:1: 1262 daAuts
     D:2: 1047 daAuts
     D:4: 817 daAuts
     D:6: 25 daAuts
